 Dungeon Crawl Stone Soup version 0.26-a0-58-g79b31b8662 (webtiles) character file.

Game seed: 14004043009033088930

64048 Ozzies the Warrior (level 15, -9/105 HPs)
             Began as a Gargoyle Fighter on June 8, 2020.
             Was the Champion of Okawaru.
             Mangled by a reaper
             ... wielding a +2 vorpal scythe
             ... summoned by a deep elf demonologist
              (28 damage)
             ... on level 2 of the Elven Halls.
             The game lasted 01:09:52 (19848 turns).

Ozzies the Warrior (Gargoyle Fighter)              Turns: 19848, Time: 01:09:53

Health: -9/105     AC: 31    Str: 29    XL:     15   Next: 11%
Magic:  17/20      EV: 15    Int: 10    God:    Okawaru [******]
Gold:   1772       SH:  0    Dex:  9    Spells: 14/14 levels left

rFire    . . .     SeeInvis +   Z - +2 mace (flame)
rCold    + . .     Gourm    .   b - +0 kite shield
rNeg     + . .     Faith    .   J - +1 ring mail "Wuwaw" {rC+ MR++}
rPois    ∞         Spirit   .   H - +0 helmet {SInv}
rElec    +         Reflect  .   E - +0 cloak
rCorr    .         Harm     .   M - +0 pair of gloves of Dishonour {Str+4}
MR       ++++.                  A - +1 pair of boots {Fly}
Stlth    +.........             t - amulet of regeneration
HPRegen  0.67/turn              j - +4 ring of protection
MPRegen  0.17/turn              D - ring of protection from magic

@: confused, about to teleport, heroism, finesse
A: big wings, negative energy resistance 1, electricity resistance, unbreathing,
petrification resistance, rot immunity, AC +11
a: Fly, Heroism, Finesse, Renounce Religion, Evoke Flight


You were on level 2 of the Elven Halls.
You worshipped Okawaru.
Okawaru was exalted by your worship.
You were hungry.

You visited 5 branches of the dungeon, and saw 23 of its levels.
You also visited: Volcano.

You collected 2740 gold pieces.
You spent 968 gold pieces at shops.

Inventory:

Hand Weapons
 k - a +0 morningstar
 p - a +4 mace of protection
 z - a +2 vampiric war axe
 Z - a +2 mace of flaming (weapon)
Armour
 a - a +1 robe of fire resistance
 b - a +0 kite shield (worn)
 c - a +4 chain mail of magic resistance
 i - a +4 scale mail of fire resistance
 o - a +0 scale mail of fire resistance
 v - a +0 plate armour
 x - a +0 kite shield
 A - a +1 pair of boots of flying (worn)
 B - a +2 pair of gloves
 E - a +0 cloak (worn)
 H - a +0 helmet of see invisible (worn)
 J - the +1 ring mail "Wuwaw" (worn) {rC+ MR++}
   (You found it on level 1 of the Elven Halls)

   It protects you from cold.
   It affects your resistance to hostile enchantments.
 M - the +0 pair of gloves of Dishonour (worn) {Str+4}
   (Okawaru gifted it to you on level 11 of the Dungeon)

   It affects your strength (+4).
 W - a +0 pair of boots
Jewellery
 j - a +4 ring of protection (left hand)
 q - an uncursed amulet of the acrobat
 r - a +4 ring of protection
 t - an amulet of regeneration (around neck)
 w - an uncursed ring of stealth
 D - a ring of protection from magic (right hand)
 F - an uncursed ring of see invisible
 I - the ring "Peanwefu" {rElec EV+4 Int+2 Dex+3, unknown}
   (You found it on level 1 of the Elven Halls)

   [ring of evasion]

   It affects your evasion (+4).
   It affects your intelligence (+2).
   It affects your dexterity (+3).
   It insulates you from electricity.
 K - an uncursed ring of positive energy
 T - an uncursed ring of magical power
Wands
 y - a wand of digging (14)
 G - a wand of flame (34)
 L - a wand of disintegration (12)
 V - a wand of random effects (55)
Scrolls
 e - 9 scrolls of remove curse
 g - 2 scrolls of fog
 m - 5 scrolls of identify
 s - 3 scrolls of magic mapping
 N - 2 scrolls of blinking
 S - 2 scrolls of teleportation
 U - 2 scrolls of enchant armour
Potions
 d - a potion of might
 h - a potion of haste
 l - a potion of lignification
 n - 2 potions of invisibility
 u - 7 potions of curing
 C - a potion of berserk rage
 O - 2 potions of stabbing
 Q - 2 potions of resistance
 R - 2 potions of brilliance
Comestibles
 f - 24 rations


   Skills:
 + Level 16.6(21.6) Fighting
 + Level 16.2(21.2) Maces & Flails
 - Level 8.0(13.0) Armour
 - Level 5.0(10.0) Dodging
 - Level 8.0(13.0) Shields
 - Level 7.0 Invocations


You had 14 spell levels left.
You didn't know any spells.
Your spell library contained the following spells:

 Spells                   Type           Power        Failure   Level  Hunger
 Shock                    Conj/Air       #...         54%         1    ##.....
 Summon Butterflies       Summ           #.......     54%         1    ##.....
 Swiftness                Chrm/Air       #.......     67%         2    ###....
 Call Canine Familiar     Summ           #.......     88%         3    ####...
 Static Discharge         Conj/Air       #.......     88%         3    ####...
 Airstrike                Air            #.........   99%         4    #####..
 Ice Form                 Ice/Tmut       #.......     99%         4    #####..
 Summon Ice Beast         Ice/Summ       #.......     99%         4    #####..
 Lightning Bolt           Conj/Air       #.........   100%        5    ######.
 Metabolic Englaciation   Hex/Ice        #.........   100%        5    ######.
 Summon Mana Viper        Hex/Summ       #.......     100%        5    ######.
 Freezing Cloud           Conj/Ice/Air   #.........   100%        6    #######
 Ozocubu's Refrigeration  Ice            #.........   100%        6    #######
 Simulacrum               Ice/Necr       #.........   100%        6    #######
 Summon Hydra             Summ           #.........   100%        7    #######


Dungeon Overview and Level Annotations

Branches:
Dungeon (14/15)            Temple (1/1) D:4            Lair (4/6) D:11
 Shoals (0/4) Lair:3       Spider (0/4) Lair:3          Orc (2/2) D:10
    Elf (2/3) Orc:2       Volcano (visited)
 Vaults: D:13-14

Altars:
Ashenzari
Dithmenos
Elyvilon
Nemelex Xobeh
Okawaru
Qazlal
Ru
Trog
Xom
Yredelemnul
Zin
Beogh

Shops:
D:6 :   D:7 }   D:10 (   Orc:1 *   Orc:2 *![:*

Annotations:
D:12 1 runed translucent door, Oghaenk's ghost, journeyman GrBe
Elf:2 2 runed translucent doors


Innate Abilities, Weirdness & Mutations

You are resistant to torment.
Your stone body is resilient. (AC +11)
You are immune to poison.
Your large and strong wings let you fly indefinitely.
You resist negative energy. (rN+)
You are resistant to electric shocks. (rElec)
You can survive without breathing.
You are immune to petrification.
You are immune to rotting.


Message History

The deep elf mage mumbles some strange words.
The deep elf mage blinks!
You block the deep elf mage's attack. The Hell Sentinel hits you!
* * * LOW HITPOINT WARNING * * *
The Hell Sentinel hits you.
* * * LOW HITPOINT WARNING * * *
You block the soul eater's attack.
The deep elf demonologist barely misses you.
You feel better.
The deep elf mage hits you but does no damage.
You block the soul eater's attack.
The Hell Sentinel completely misses you.
The Hell Sentinel closely misses you.
The deep elf demonologist gestures wildly while chanting.
You are confused.
You feel invigorated. The deep elf mage barely misses you.
The deep elf demonologist hits you but does no damage.
The reaper shouts, "You must die NOW!"
The reaper hits you from afar with a +2 vorpal scythe!!
You die...

.#....).#......
###..)......... #
#...........#
###..##.#..####### ##
#.#...<..........# ...
#.....).##..#.##3# ..
##..........#.##2##.####
#........##.#.e31e4.e..#
#.........#.####@#
.#..........####e#
.................#
##.........#######
##........## ####.)...##
..###...## ..# #....#
..# ####.#


You could see a Hell Sentinel (summoned), a reaper (summoned), 2 soul eaters, a
deep elf demonologist, a deep elf archer (repels missiles), 2 deep elf magi and
a chaos spawn (summoned).

Vanquished Creatures
  A deep elf sorcerer (Elf:1)
  A deep elf annihilator (Elf:1)
  Snorg (Lair:4)
  An ettin (Orc:1)
  Josephine (D:10)
  2 hydras
  A catoblepas (Lair:4)
  Erica (Orc:1)
  3 two-headed ogres
  9 dancing weapons
  An orc high priest (Orc:2)
  3 deep elf knights
  A fire crab (Lair:3)
  The ghost of Lanoc the Insei, a novice DsTm of Cheibriados (D:7)
  7 deep elf archers
  2 unseen horrors
  6 wizards
  An orc knight (Orc:1)
  A lindwurm (Lair:3)
  16 deep elf magi
  A faun (shapeshifter) (Elf:2)
  2 manticores
  2 cyclopes
  5 orc sorcerers (Orc:2)
  2 black mambas
  5 toenail golems (Volcano)
  6 spiny frogs
  An efreet (D:14)
  2 rime drakes (Lair:2)
  2 komodo dragons
  3 trolls
  A jumping spider (Lair:3)
  6 slime creatures (D:12)
  2 hornets
  15 blink frogs
  3 hippogriffs
  An air elemental (Elf:1)
  5 wraiths (D:10)
  2 redbacks (Lair:3)
  3 water elementals
  2 fire elementals
  5 basilisks
  3 wyverns
  Grum (D:8)
  20 yaks
  A hungry ghost (D:14)
  2 wargs
  6 porcupines
  The ghost of UristMcRaven the Digger, an amateur DEEE (D:4)
  6 water moccasins
  4 phantoms
  2 sky beasts
  4 ice beasts
  A hornet zombie (D:10)
  A necrophage (D:7)
  22 orc warriors
  9 ogres
  4 centaurs
  A boggart (Elf:1)
  8 wolves
  5 crocodiles
  A big kobold (D:14)
  A gnoll sergeant (D:11)
  7 bullfrogs
  2 earth elementals
  6 scorpions
  A wyvern skeleton (D:10)
  5 killer bees (D:8)
  An electric eel (Lair:4)
  A howler monkey (D:11)
  2 crimson imps
  A centaur zombie (D:8)
  A quasit (D:6)
  3 jellies
  8 hounds
  A bullfrog skeleton (D:12)
  25 orc priests
  32 orc wizards
  2 centaur skeletons
  3 hell rats (Lair:3)
  5 worker ants
  2 hound zombies (D:5)
  A hound skeleton (D:9)
  Robin (D:2)
  11 gnolls
  A howler monkey skeleton (D:10)
  16 adders
  6 river rats (Lair:3)
  A shadow imp (D:11)
  An ooze (D:1)
  2 worms
  An adder skeleton (D:8)
  An adder zombie (D:5)
  2 dart slugs (D:1)
  4 leopard geckos
  57 orcs
  A ball python (D:2)
  8 giant cockroaches
  16 goblins
  7 hobgoblins
  14 jackals
  7 quokkas
  2 bats
  6 frilled lizards
  14 kobolds
  A leopard gecko skeleton (D:9)
  2 quokka skeletons
  10 rats
  4 fungi (D:11)
544 creatures vanquished.

Vanquished Creatures (others)
  A boggart (Elf:1)
  3 orc wizards (Orc:2)
  A fungus (Lair:3)
5 creatures vanquished.

Grand Total: 549 creatures vanquished

Notes
Turn   | Place    | Note
-------+----------+-------------------------------------------
     0 | D:1      | Ozzies the Gargoyle Fighter began the quest for the Orb.
     0 | D:1      | Reached XP level 1. HP: 14/14 MP: 1/1
   149 | D:1      | Reached XP level 2. HP: 20/20 MP: 2/2
   446 | D:1      | Reached XP level 3. HP: 24/24 MP: 3/3
   849 | D:2      | Noticed Robin
   859 | D:2      | Killed Robin
   878 | D:2      | Reached XP level 4. HP: 28/30 MP: 4/4
  1233 | D:2      | Reached skill level 5 in Fighting
  1369 | D:2      | Found a sacrificial altar of Ru.
  1711 | D:3      | Reached XP level 5. HP: 35/35 MP: 5/5
  2346 | D:4      | Reached XP level 6. HP: 41/41 MP: 6/6
  2410 | D:4      | Found a runed translucent door.
  2414 | D:4      | Noticed UristMcRaven's ghost (amateur DEEE)
  2689 | D:4      | Found a staircase to the Ecumenical Temple.
  2689 | D:4      | Noticed a phantom
  2698 | Temple   | Entered the Ecumenical Temple
  2707 | Temple   | Became a worshipper of Warmaster Okawaru
  2735 | D:4      | Reached XP level 7. HP: 47/48 MP: 7/7
  2769 | D:4      | Reached skill level 5 in Maces & Flails
  3033 | D:4      | Killed UristMcRaven's ghost
  3033 | D:4      | Reached * piety under Okawaru
  3380 | D:4      | Killed an unseen horror
  3380 | D:4      | Reached skill level 1 in Dodging
  3380 | D:4      | Reached XP level 8. HP: 42/54 MP: 7/9
  3432 | D:5      | Entered Level 5 of the Dungeon
  3641 | D:5      | Found a shadowy altar of Dithmenos.
  4196 | D:6      | Reached ** piety under Okawaru
  4259 | D:6      | Found Jazat's Book Emporium.
  4369 | D:6      | Found a bloodstained altar of Trog.
  4472 | D:6      | Reached XP level 9. HP: 48/60 MP: 11/11
  4528 | D:6      | Reached skill level 5 in Shields
  4621 | D:6      | Reached skill level 5 in Armour
  4940 | D:7      | Found a glowing silver altar of Zin.
  4953 | D:7      | Found a stormy altar of Qazlal.
  4953 | D:7      | Found a shattered altar of Ashenzari.
  5034 | D:7      | Found a runed translucent gate.
  5034 | D:7      | Found a runed translucent gate.
  5034 | D:7      | Found a runed translucent gate.
  5036 | D:7      | Noticed Lanoc's ghost (novice DsTm)
  5124 | D:7      | Killed Lanoc's ghost
  5124 | D:7      | Reached *** piety under Okawaru
  5124 | D:7      | Reached skill level 10 in Fighting
  5415 | D:7      | Found Piem's Gadget Shop.
  5835 | D:8      | Reached XP level 10. HP: 68/68 MP: 12/12
  5956 | D:8      | Noticed a two-headed ogre
  6076 | D:8      | Killed a two-headed ogre
  6076 | D:8      | Reached **** piety under Okawaru
  6296 | D:8      | Noticed Grum
  6322 | D:8      | Killed Grum
  7094 | D:9      | Reached ***** piety under Okawaru
  7161 | D:9      | Found a glowing silver altar of Zin.
  7250 | D:9      | Received a gift from Okawaru
  7416 | D:9      | Reached skill level 10 in Maces & Flails
  7641 | D:9      | Found a white marble altar of Elyvilon.
  7964 | D:10     | Entered Level 10 of the Dungeon
  7993 | D:10     | Reached XP level 11. HP: 76/76 MP: 13/13
  8118 | D:10     | Found Beampent's Weapon Shoppe.
  8118 | D:10     | Found a staircase to the Orcish Mines.
  8328 | D:10     | Noticed Josephine
  8349 | D:10     | Killed Josephine
  8429 | D:10     | You are sucked into a shaft and drop 2 floors!
  8438 | D:12     | Noticed a two-headed ogre
  8451 | D:12     | Killed a two-headed ogre
  8583 | D:12     | Found a runed translucent door.
  8583 | D:12     | Found a shimmering altar of Xom.
  8583 | D:12     | Noticed Oghaenk's ghost (journeyman GrBe)
  8583 | D:12     | Noticed a +2 war axe of chaos
  8702 | D:12     | Noticed a manticore
  8717 | D:12     | Killed a manticore
  9064 | D:12     | Noticed a cyclops
  9075 | D:12     | Killed a cyclops
  9493 | D:11     | Found a staircase to the Lair.
  9625 | D:11     | Received a gift from Okawaru
  9655 | D:11     | Got a pair of faintly humming gloves {god gift}
  9665 | D:11     | Identified the +0 pair of gloves of Dishonour {Str+4}
                  | (Okawaru gifted it to you on level 11 of the Dungeon)
  9788 | D:11     | You are sucked into a shaft and drop 3 floors!
  9938 | D:14     | Reached XP level 12. HP: 24/82 MP: 15/15
 10422 | Lair:1   | Entered Level 1 of the Lair of Beasts
 10524 | Lair:1   | Reached skill level 5 in Invocations
 10526 | Lair:1   | Identified a scroll of acquirement
 11347 | Lair:2   | Reached skill level 5 in Dodging
 11489 | Lair:2   | Noticed an eight-headed hydra
 11499 | Lair:2   | Killed an eight-headed hydra
 11920 | Lair:3   | Received a gift from Okawaru
 11953 | Lair:3   | Reached XP level 13. HP: 68/88 MP: 16/16
 12289 | Lair:3   | Found a staircase to the Shoals.
 12310 | Lair:3   | Found a hole to the Spider Nest.
 12440 | Lair:3   | Reached ****** piety under Okawaru
 12700 | Lair:3   | Received a gift from Okawaru
 13447 | Lair:4   | Noticed Snorg
 13464 | Lair:4   | HP: 2/90 [Snorg (6)]
 13476 | Lair:4   | HP: 4/90 [Snorg (15)]
 13481 | Lair:4   | Killed Snorg
 14221 | Orc:1    | Entered Level 1 of the Orcish Mines
 14268 | Orc:1    | Noticed Erica
 14285 | Orc:1    | Killed Erica
 14285 | Orc:1    | Received a gift from Okawaru
 14291 | Orc:1    | Noticed an ettin
 14318 | Orc:1    | Found Dedett's General Store.
 14422 | Orc:1    | Killed an ettin
 14782 | Orc:1    | Found a dark tunnel.
 14860 | Volcano  | Entered a volcano
 15487 | Orc:2    | Entered Level 2 of the Orcish Mines
 15593 | Orc:2    | Found a roughly hewn altar of Beogh.
 15772 | Orc:2    | Gained mutation: Your large and strong wings let you fly
                  | indefinitely. [Gargoyle growth]
 15772 | Orc:2    | Reached XP level 14. HP: 96/96 MP: 19/19
 15907 | Orc:1    | Received a gift from Okawaru
 16262 | Orc:2    | Found Asisaqob's General Store.
 16592 | Orc:2    | HP: 2/96 [orc sorcerer/bolt of fire (11)]
 16773 | Orc:2    | Reached skill level 15 in Fighting
 16916 | Orc:2    | Found Etoddoom's Distillery.
 16917 | Orc:2    | Found Nownuavoi's Book Shop.
 16918 | Orc:2    | Found Fiorosat's General Store.
 16921 | Orc:2    | Found Ylerph's Antique Armour Boutique.
 16942 | Orc:2    | Bought a potion of heal wounds for 60 gold pieces
 16942 | Orc:2    | Bought a potion of berserk rage for 60 gold pieces
 16944 | Orc:2    | Bought a glowing helmet for 240 gold pieces
 17067 | Orc:2    | Found a staircase to the Elven Halls.
 17459 | Orc:2    | Bought a kite shield for 144 gold pieces
 17483 | Orc:2    | Bought a shiny chain mail for 240 gold pieces
 17483 | Orc:2    | Bought a glowing scale mail for 224 gold pieces
 17517 | Elf:1    | Entered Level 1 of the Elven Halls
 17523 | Elf:1    | Reached skill level 15 in Maces & Flails
 17574 | Elf:1    | Noticed a deep elf annihilator
 17816 | Elf:1    | Noticed a deep elf sorcerer
 17832 | Elf:1    | Killed a deep elf sorcerer
 17846 | Elf:1    | Got a shimmering wooden ring
 17875 | Elf:1    | Got a crude ring mail
 17885 | Elf:1    | Identified the +1 ring mail "Wuwaw" {rC+ MR++} (You found
                  | it on level 1 of the Elven Halls)
 18488 | Elf:1    | Received a gift from Okawaru
 19054 | Elf:1    | Noticed a deep elf annihilator
 19065 | Elf:1    | Killed a deep elf annihilator
 19669 | Elf:2    | Found a runed translucent door.
 19695 | Elf:2    | Received a gift from Okawaru
 19695 | Elf:2    | Reached XP level 15. HP: 105/105 MP: 20/20
 19725 | Elf:2    | Found a runed translucent door.
 19844 | Elf:2    | Noticed a Hell Sentinel
 19848 | Elf:2    | Mangled by a reaper

Illustrated notes

Levels and vault maps discovered:
D:1:      lightli_arrival_flooded_house, layout_loops_ring,
          hangedman_abyss_or_decor_lesser_grid
D:2:      layout_loops_ring, nicolae_overflow_hidden_temple, uniq_robin
D:3:      layout_loops_ring
D:4:      layout_rooms, minmay_temple_entry_wispy, ebering_ghost_inner_flame,
          glass_columns_c
D:5:      layout_loops_ring, first_ration, kennysheep_diamond,
          hangedman_decor_lopped, grunt_dithmenos_smoke_and_mirrors
D:6:      layout_loops_ring, lightli_temple_of_fire, serial_shops, shop
D:7:      layout_basic, grunt_temple_overflow_open, ebering_ghost_rock_garden,
          serial_shops, shop
D:8:      layout_basic, minmay_misc_feat_columns, uniq_grum
D:9:      layout_gridville, elyvilon_altar_4, basic_altar
D:10:     layout_loops_ring, orc_david_3, blue_anna_alchemist
          [blue_anna_fruit_fields, blue_anna_fruit_fields], uniq_josephine,
          uniq_urug
D:11:     layout_big_octagon, grunt_lair_entry_orc_guard_hut,
          kennysheep_generic_room_7
D:12:     layout_irregular_city, ebering_ghost_xom
D:13:     layout_irregular_city, maelrawn_ghost_gauntlet_escape, basic_altar
D:14:     layout_loops_ring, grunt_vaults_entry_fortified,
          evilmike_ruin_ashenzari
Temple:   eino_temple_scatter_basement
Lair:1:   beast_lair_carwin_large_2, layout_cave_shapes, grunt_megastairs_3
Lair:2:   layout_long_grid, lemuel_fruit_fields
Lair:3:   layout_roguey, shoals_dummy_entry, spider_nest_entry_a,
          kennysheep_abandoned_house
Lair:4:   statuecave_lemuel, layout_gridlike, uniq_snorg
Orc:1:    layout_caves, enter_volcano_4, serial_shops, shop, uniq_erica
Orc:2:    st_orc_mages, layout_caves, basic_altar, serial_shops, shop
Elf:1:    layout_onion_city, hangedman_elf_disciples
Elf:2:    layout_loops_cross, uniq_asterion

Skill      XL: |  1  2  3  4  5  6  7  8  9 10 11 12 13 14 |
---------------+-------------------------------------------+-----
Fighting       | 4 5 6 7 8 10 12 13 14 16 | 16.6
Maces & Flails | 3 4 5 8 10 12 13 14 16 | 16.2
Armour         | 4 5 7 8 |  8.0
Dodging        | 1 2 3 5 |  5.0
Shields        | 4 5 7 8 |  8.0
Invocations    | 2 3 4 5 6 7 |  7.0

Action                   |  1- 3 |  4- 6 |  7- 9 | 10-12 | 13-15 || total
-------------------------+-------+-------+-------+-------+-------++-------
Melee: Flail             |   107 |   315 |   214 |     7 |    20 ||   663
       Spear             |     2 |       |       |       |       ||     2
       War axe           |       |       |   321 |  1078 |   334 ||  1733
       Demon trident     |       |       |       |     1 |       ||     1
       Mace              |       |       |       |       |   935 ||   935
Invok: Finesse           |       |       |       |       |     4 ||     4
       Heroism           |       |       |       |       |     3 ||     3
 Abil: Stop Flying       |       |       |       |       |     2 ||     2
  Use: Scroll            |       |       |     2 |    19 |     5 ||    26
       Potion            |       |       |       |     4 |    17 ||    21
  Eat: Chunk             |       |     7 |     8 |    15 |    23 ||    53
       Ration            |       |       |     1 |     3 |     1 ||     5
Armor: Scale mail        |    63 |   204 |   477 |   228 |   300 ||  1272
       Chain mail        |       |       |       |   539 |   246 ||   785
       Skin              |       |       |       |     2 |       ||     2
       Robe              |       |       |       |       |     1 ||     1
       Ring mail         |       |       |       |       |   118 ||   118
Dodge: Dodged            |    39 |   112 |   162 |   419 |   407 ||  1139
Block: Kite shield       |    64 |   186 |   288 |   677 |   681 ||  1896

Table legend:
 A = Non-vault XP
 B = Vault XP
 C = Vault XP percentage of total XP
 D = Non-vault monster count
 E = Vault monster count
 F = Vault count percentage of total count
                 A         B        C        D         E       F
            +---------+---------+-------+---------+---------+-------
      Total |   60903 |   30595 |  33.4 |     407 |     133 |  24.6
            +---------+---------+-------+---------+---------+-------
        D:1 |      49 |       0 |   0.0 |      24 |       0 |   0.0
        D:2 |      52 |      36 |  40.9 |      21 |      11 |  34.4
        D:3 |     197 |       0 |   0.0 |      20 |       0 |   0.0
        D:4 |     507 |     845 |  62.5 |      19 |       2 |   9.5
        D:5 |      96 |      26 |  21.3 |       7 |       2 |  22.2
        D:6 |    1191 |       0 |   0.0 |      27 |       0 |   0.0
        D:7 |     586 |     775 |  56.9 |      15 |       1 |   6.2
        D:8 |    2305 |     420 |  15.4 |      32 |       3 |   8.6
        D:9 |    2097 |       0 |   0.0 |      19 |       0 |   0.0
       D:10 |    1317 |    2392 |  64.5 |      16 |      13 |  44.8
       D:11 |     633 |     842 |  57.1 |      13 |       6 |  31.6
       D:12 |    4565 |       0 |   0.0 |      24 |       0 |   0.0
       D:13 |    1061 |       0 |   0.0 |       3 |       0 |   0.0
       D:14 |    2100 |       0 |   0.0 |      10 |       0 |   0.0
     Lair:1 |    2510 |    1209 |  32.5 |      11 |       8 |  42.1
     Lair:2 |    4245 |       0 |   0.0 |      14 |       0 |   0.0
     Lair:3 |    9256 |    1708 |  15.6 |      35 |      18 |  34.0
     Lair:4 |    2049 |    1084 |  34.6 |       7 |       1 |  12.5
      Orc:1 |    3053 |    1001 |  24.7 |      27 |       5 |  15.6
      Orc:2 |    3007 |    4800 |  61.5 |      28 |      40 |  58.8
      Elf:1 |   11837 |    5462 |  31.6 |      20 |       8 |  28.6
      Elf:2 |    8190 |    3571 |  30.4 |      15 |       4 |  21.1
    Volcano |       0 |    6424 | 100.0 |       0 |      11 | 100.0
            +---------+---------+-------+---------+---------+-------
